 Dungeon Crawl Stone Soup version 0.31-a0-1074-g0b22e4e0f1 (webtiles) character file.

Game seed: 18260461719603120206

193 mandarbmax the Shooter (level 5, 0/34 HPs)
             Began as an Octopode Hunter on Dec 7, 2023.
             Was a Follower of Ashenzari.
             Slain by Eustachio
             ... wielding a +0 falchion
              (8 damage)
             ... on level 5 of the Dungeon.
             The game lasted 00:06:05 (2958 turns).

mandarbmax the Shooter (Octopode Hunter)            Turns: 2958, Time: 00:06:07

Health: 0/34       AC:  1    Str: 11    XL:     5   Next: 72%
Magic:  14/14      EV: 14    Int: 11    God:    Ashenzari [*.....]
Gold:   211        SH:  0    Dex: 17    Spells: 4/4 levels left

rFire   . . .        a - +0 shortbow
rCold   + + .        (shield currently unavailable)
rNeg    . . .        (helmet restricted)
rPois   .            (no amulet)
rElec   .            g - ring "Esoteric Foul Odours" {rC+, Cun, Elem} (curse)
rCorr   .            j - ring of the Gnostic Seer {MP+9, Fort, Cun} (curse)
SInv    .            l - ring of Ashenzari's Pessimism {rC+, Alch, Melee} (curse)
Will    .....        (no ring)
Stlth   +++          (no ring)
HPRegen 0.25/turn    (no ring)
MPRegen 0.14/turn    (no ring)
                     (no ring)

%: no passive effects
@: no status effects
A: almost no armour, amphibious, 8 rings, camouflage 1, gelatinous body 1,
(nimble swimmer 1), tentacles
a: Renounce Religion, Shatter the Chains


You were on level 5 of the Dungeon.
You worshipped Ashenzari.
Ashenzari was aware of your devotion.
You visited 1 branch of the dungeon, and saw 5 of its levels.

You collected 211 gold pieces.

Inventory:

Hand Weapons
 a - a +0 shortbow (weapon)
Jewellery
 g - the cursed ring "Esoteric Foul Odours" (left tentacle) {rC+, Cun, Elem}
   (You found it on level 1 of the Dungeon)

   [ring of protection from cold]

   rC+:       It protects you from cold.
   It has a curse which improves the following skills: Cunning: Dodging and
   Stealth.
   Elements:  Fire Magic, Ice Magic, Air Magic and Earth Magic.
 j - the cursed ring of the Gnostic Seer (right tentacle) {MP+9, Fort, Cun}
   (You found it on level 2 of the Dungeon)

   [ring of magical power]

   MP+9:      It affects your magic capacity (+9).
   It has a curse which improves the following skills: Fortitude: Shields.
   Cunning:   Dodging and Stealth.
 l - the cursed ring of Ashenzari's Pessimism (on tentacle) {rC+, Alch, Melee}
   (You found it on level 2 of the Dungeon)

   [ring of protection from cold]

   rC+:       It protects you from cold.
   It has a curse which improves the following skills: Alchemy: Poison Magic and
   Transmutations.
   Melee Combat: Short Blades, Long Blades, Axes, Maces & Flails, Polearms,
   Staves and Unarmed Combat.
Scrolls
 b - a scroll of butterflies
 f - 3 scrolls of teleportation
 h - a scroll of amnesia
 i - 5 scrolls of poison
 k - a scroll of blinking
 m - a scroll of noise
 o - a scroll of vulnerability
 q - a scroll of summoning
Potions
 c - a potion of berserk rage
 e - a potion of enlightenment
 n - a potion of invisibility
 p - a potion of lignification


   Skills:
 - Level 2.0 Fighting
 + Level 6.8 Ranged Weapons
 - Level 2.0(2.9) Dodging
 - Level 1.3(2.1) Stealth


You had 4 spell levels left.
You didn't know any spells.
Your spell library was empty.

Dungeon Overview and Level Annotations

Branches:
Dungeon (5/15)             Temple (0/1) D:4

Altars:
Ashenzari

Annotations:
D:5 Eustachio


Innate Abilities, Weirdness & Mutations

You cannot wear most types of armour.
You are amphibious.
You can wear up to eight rings at the same time.
Your skin changes colour to match your surroundings (Stealth+).
Your rubbery body absorbs attacks. (AC +1, EV +1)
((You are camouflaged when in or above water. (Stealth+)))
You have tentacles for arms and can constrict up to eight enemies at once.


Message History

Eustachio misses you. The river rat bites you.
Fire: a) +0 shortbow
Press: ? - help, Q - select action, (/) - cycle Shift-Dir - straight line, f/p - Eustachio
Aim: Eustachio, wielding a +0 falchion and wearing a +2 leather armour of willpower (severely wounded, 54% to hit)
You shoot an arrow. The arrow barely misses Eustachio.
The arrow closely misses the river rat.
The arrow barely misses the rat.
Eustachio misses you. The river rat completely misses you.
Fire: a) +0 shortbow
Press: ? - help, Q - select action, (/) - cycle Shift-Dir - straight line, f/p - Eustachio
Aim: Eustachio, wielding a +0 falchion and wearing a +2 leather armour of willpower (severely wounded, 54% to hit)
You shoot an arrow. The arrow barely misses Eustachio.
The arrow hits the river rat.
You kill the river rat!
The river rat's corpse disappears in a puff of smoke!
Eustachio hits you with a +0 falchion! The river rat misses you.
Eustachio hits you with a +0 falchion.
* * * LOW HITPOINT WARNING * * *
Fire: a) +0 shortbow
Press: ? - help, Q - select action, (/) - cycle Shift-Dir - straight line, f/p - Eustachio
Aim: Eustachio, wielding a +0 falchion and wearing a +2 leather armour of willpower (severely wounded, 54% to hit)
You shoot an arrow. The arrow barely misses Eustachio.
The arrow closely misses the rat.
The river rat bites you!
* * * LOW HITPOINT WARNING * * *
Eustachio asks, "How can you live without manners, virtues and honour?"
Eustachio mumbles some strange words.
Unknown command.
You feel better. The river rat barely misses you. Eustachio misses you.
Fire: a) +0 shortbow
Press: ? - help, Q - select action, (/) - cycle Shift-Dir - straight line, f/p - Eustachio
Aim: Eustachio, wielding a +0 falchion and wearing a +2 leather armour of willpower (severely wounded, 54% to hit)
You shoot an arrow. The arrow closely misses Eustachio.
The arrow hits the rat!
You kill the rat!
The rat's corpse disappears in a puff of smoke!
The river rat bites you.
* * * LOW HITPOINT WARNING * * *
Eustachio hits you with a +0 falchion!
You die...
Eustachio says, "Such is the fate of all honourless rascals."

##### ##
#...# .. #
#<#.#.#
####.###...#
........####
.###.##5#
#r####.#
#@@5...#
########


You could see Eustachio, a crimson imp (summoned), a river rat (summoned) and a
white imp (summoned).

Vanquished Creatures
  A phantom (D:4)
  5 adders
  5 dart slugs
  A worm (D:2)
  5 orcs
  10 ball pythons
  5 endoplasms
  2 giant cockroaches
  4 goblins
  5 hobgoblins
  3 jackals (D:1)
  3 bats
  2 frilled lizards (D:2)
  3 kobolds (D:4)
  5 rats
59 creatures vanquished.

Notes
Turn   | Place    | Note
-------+----------+-------------------------------------------
     0 | D:1      | mandarbmax the Octopode Hunter began the quest for the Orb.
     0 | D:1      | Reached XP level 1. HP: 14/14 MP: 1/1
   264 | D:1      | Reached XP level 2. HP: 19/19 MP: 2/2
  1004 | D:1      | Found a faded altar of an unknown god.
  1012 | D:1      | Prayed at the altar of an unknown god.
  1012 | D:1      | Became a worshipper of Ashenzari the Shackled
  1163 | D:2      | Reached XP level 3. HP: 24/24 MP: 3/3
  1167 | D:2      | Reached skill level 5 in Ranged Weapons
  1426 | D:2      | Reached * piety under Ashenzari
  1677 | D:3      | Reached XP level 4. HP: 29/29 MP: 4/4
  1792 | D:3      | Found a broken altar of Ashenzari.
  2150 | D:4      | Identified the +9 rapier of Division {speed, Dex+4}
  2318 | D:4      | Noticed a phantom
  2330 | D:4      | Reached skill level 6 in Ranged Weapons
  2351 | D:4      | Killed a phantom
  2352 | D:4      | Reached XP level 5. HP: 19/34 MP: 5/5
  2581 | D:4      | Found a staircase to the Ecumenical Temple.
  2932 | D:5      | Entered Level 5 of the Dungeon
  2941 | D:5      | Noticed Eustachio
  2958 | D:5      | Slain by Eustachio

Illustrated notes

Levels and vault maps discovered:
D:1:      dpeg_arrival_radiant, layout_basic, basic_ecumenical_altar
D:2:      layout_rooms
D:3:      layout_loops_cross, nicolae_overflow_hidden_temple
D:4:      layout_loops_ring, temple_statues
D:5:      layout_basic, lemuel_doored_altar, makhleb_grotto_becter,
          uniq_crazy_yiuf_cottage, uniq_eustachio, uniq_prince_ribbit1

Skill      XL: |  1  2  3  4 |
---------------+-------------+-----
Ranged Weapons | 5 6 |  6.8
Fighting       | |  2.0
Dodging        | |  2.0
Stealth        | |  1.3

Action                     |  1- 3 |  4- 6 || total
---------------------------+-------+-------++-------
   Fire: Shortbow          |    82 |    97 ||   179
 Invoke: Curse Item        |     2 |     1 ||     3
    Use: Potion            |       |     2 ||     2
 Armour: Skin              |     7 |    36 ||    43
  Dodge: Dodged            |    11 |    35 ||    46

Table legend: (Time is in decaauts)
 A = Elapsed time spent in this place.
 B = Non-inter-level travel time spent in this place.
 C = Inter-level travel time spent in this place.
 D = Time resting spent in this place.
 E = Time spent auto-exploring this place.
 F = Levels seen in this place.
 G = Mean time per level.
                   A        B        C        D        E       F      G
               +--------+--------+--------+--------+--------+-----+--------+
         Total |   2977 |   2842 |    135 |     90 |   2420 |   5 |  595.4 |
       Dungeon |   2977 |   2842 |    135 |     90 |   2420 |   5 |  595.4 |
               +--------+--------+--------+--------+--------+-----+--------+

Top non-repeatable levels by time:
     D:1: 1047 daAuts
     D:4: 868 daAuts
     D:3: 560 daAuts
     D:2: 473 daAuts
     D:5: 26 daAuts
